Map: 凯罗斯中转站-天梯版

Players

puCK (Nina)

  • Race: Protoss Protoss

MeomaikA - Winner!

  • Race: Zerg Zerg
  • League: Bronze

Event: WESG 2018 Grand Finals

VOD

Have the link to the VOD?

Description

Time

  • Played on: March 11, 2019, 7:22 a.m.
  • Length: 8:37

All games in this series

Show
View Real Time Build Order
Export as new Build Order

puCK Protoss 

Build Orders: 1 Gate Expand, Oracle Opening 

Get SALT Encoding   

  12  0:00  Probe  
  13  0:12  Probe  
  14  0:18  Pylon  
  14  0:25  Probe  
  14  0:28  Assimilator  
  15  0:36  Probe  
  16  0:44  Probe  
  16  0:45  Gateway  
  17  0:52  Probe  
  18  1:03  Probe  
  19  1:16  Probe  
  20  1:24  Nexus  
  20  1:33  Cybernetics Core  
  20  1:37  Probe  
  21  1:42  Assimilator  
  21  1:50  Zealot  
  21  1:52  Pylon  
  23  2:05  Gateway  
  23  2:18  Adept  
  22  2:31  Warp Gate  
  22  2:33  Probe  
  23  2:42  Stargate  
  23  2:48  Probe  
  23  2:49  Probe  
  24  2:57  Probe  
  25  3:00  Probe  
  27  3:07  Probe  
  27  3:11  Adept  
  30  3:15  Probe  
  30  3:16  Oracle  
  31  3:24  Probe  
  33  3:29  Probe  
  34  3:36  Probe  
  34  3:37  Probe  
  34  3:38  Adept  
  37  3:45  Probe  
  37  3:48  Probe  
  40  3:58  Oracle  
  40  4:00  Probe  
  40  4:01  Probe  
  45  4:04  Pylon  
  45  4:12  Probe  
  46  4:22  Probe  
  46  4:24  Probe  
  48  4:25  Pylon  
  48  4:34  Nexus, Probe  
  48  4:36  Probe  
  50  4:46  Probe  
  50  4:48  Probe  
  50  4:50  Oracle  
  50  4:58  Probe  
  50  5:00  Probe  
  54  5:09  Pylon x2  
  54  5:10  Adept x2, Probe  
  54  5:12  Probe  
  60  5:15  Assimilator  
  60  5:18  Robotics Facility  
  60  5:22  Probe  
  60  5:24  Probe, Robotics Facility  
  62  5:34  Probe  
  63  5:36  Probe  
  63  5:42  Adept x2  
  68  5:45  Phoenix  
  68  5:46  Probe  
  68  5:48  Probe, Assimilator  
  70  5:56  Pylon  
  72  5:57  Pylon  
  72  5:58  Probe  
  72  6:00  Probe  
  72  6:01  Probe  
  75  6:04  Immortal  
  75  6:09  Robotics Bay  
  75  6:10  Probe  
  80  6:13  Probe  
  80  6:14  Probe  
  80  6:18  Immortal  
  73  6:23  Probe  
  73  6:25  Probe  
  69  6:27  Phoenix  
  69  6:28  Probe  
  74  6:34  Shield Battery  
  74  6:35  Probe  
  74  6:37  Probe  
  74  6:39  Pylon  
  74  6:40  Probe  
  74  6:42  Zealot x2  
  79  6:50  Colossus  
  79  6:51  Probe  
  79  6:53  Pylon  
  80  6:57  Phoenix  
  88  7:02  Probe x2  
  88  7:05  Assimilator  
  88  7:06  Assimilator  
  90  7:11  Zealot x2  
  94  7:16  Gateway  
  94  7:20  Phoenix  
  94  7:21  Gateway, Immortal  
  96  7:28  Probe  
  96  7:32  Sentry  
  102  7:37  Phoenix  
  102  7:38  Gateway  
  102  7:39  Gateway  
  102  7:43  Probe  
  103  7:45  Forge  
  103  7:49  Probe x2  
  113  8:01  Pylon  
  113  8:05  Gateway  
  113  8:08  Pylon  
  113  8:12  Pylon, Zealot  
  103  8:13  Zealot x2  
  85  8:34  Adept  
  85  8:35  Adept x2  
Show
View Real Time Build Order
Export as new Build Order

MeomaikA Zerg - Winner!

Build Orders: Pool First 

Get SALT Encoding   

  12  0:00  Drone  
  13  0:08  Drone  
  14  0:16  Drone, Extractor  
  15  0:22  Overlord  
  15  0:38  Spawning Pool  
  15  0:41  Drone  
  15  0:44  Drone  
  15  0:48  Drone  
  17  1:10  Hatchery  
  16  1:16  Drone  
  17  1:24  Zergling x4  
  19  1:27  Zergling x2  
  19  1:31  Queen  
  22  1:34  Extractor  
  22  1:38  Drone  
  22  1:48  Overlord  
  22  2:07  Drone  
  22  2:08  Queen  
  23  2:10  Drone  
  26  2:22  Drone x2  
  26  2:31  Drone  
  26  2:33  Metabolic Boost, Drone  
  28  2:39  Drone x3  
  28  2:43  Drone  
  33  2:44  Drone  
  33  3:02  Overlord  
  33  3:04  Hatchery  
  33  3:05  Drone  
  33  3:08  Drone  
  33  3:11  Drone  
  35  3:21  Drone x2  
  35  3:24  Drone x2  
  35  3:25  Drone x2  
  35  3:26  Drone  
  41  3:30  Spore Crawler  
  41  3:32  Spore Crawler  
  39  3:35  Drone  
  39  3:38  Drone  
  41  3:43  Lair  
  41  3:45  Drone  
  41  3:48  Overlord  
  42  3:51  Extractor  
  42  3:52  Drone  
  42  3:53  Extractor  
  41  3:57  Drone x2  
  41  3:58  Drone  
  41  4:01  Overlord  
  44  4:08  Zergling x2  
  44  4:09  Zergling x2  
  46  4:11  Zergling x2  
  46  4:16  Zergling x2  
  47  4:17  Zergling x4  
  47  4:18  Zergling x2  
  47  4:20  Queen  
  47  4:21  Drone  
  47  4:24  Drone  
  54  4:28  Drone  
  54  4:30  Drone  
  56  4:37  Drone x4  
  59  4:38  Drone  
  59  4:45  Hydralisk Den  
  57  4:51  Drone  
  57  4:52  Drone  
  57  4:53  Drone x2  
  57  4:55  Drone x2  
  57  4:56  Zergling x2  
  57  4:59  Spore Crawler  
  59  5:00  Drone x2  
  59  5:04  Drone x3  
  63  5:07  Evolution Chamber  
  63  5:12  Overlord  
  62  5:14  Grooved Spines, Hydralisk  
  64  5:21  Overlord  
  64  5:26  Spire  
  64  5:27  Hydralisk  
  65  5:31  Extractor, Hydralisk x2  
  65  5:32  Hydralisk  
  65  5:33  Hydralisk  
  72  5:37  Overlord  
  72  5:38  Drone  
  72  5:39  Drone  
  72  5:41  Overlord  
  72  5:42  Hydralisk x2  
  77  5:46  Drone x2  
  80  5:50  Hydralisk  
  80  5:53  Overlord x2  
  80  5:56  Zerg Missile Weapons Level 1  
  82  5:58  Drone  
  82  6:03  Zergling x2  
  88  6:04  Zergling x8  
  88  6:05  Drone  
  88  6:06  Drone x2  
  88  6:09  Zergling x4  
  88  6:10  Zergling x2  
  94  6:13  Zergling x2  
  94  6:14  Zergling x4  
  94  6:15  Zergling x2  
  94  6:17  Zergling x2  
  89  6:20  Hydralisk  
  89  6:24  Hydralisk  
  89  6:27  Zergling x2  
  89  6:31  Hydralisk  
  89  6:35  Hydralisk  
  89  6:36  Muscular Augments  
  89  6:38  Hatchery  
  90  6:42  Evolution Chamber, Drone x2  
  90  6:43  Baneling Nest, Drone  
  90  6:44  Drone  
  90  6:46  Drone  
  93  6:48  Hydralisk  
  93  6:51  Zergling x2  
  93  6:52  Zergling x4, Drone  
  100  6:54  Drone  
  100  6:56  Drone x2  
  102  7:02  Hydralisk  
  102  7:03  Hydralisk x2  
  108  7:09  Hydralisk  
  108  7:12  Overseer  
  108  7:14  Hydralisk  
  112  7:15  Overlord  
  112  7:16  Overlord  
  112  7:35  Hydralisk  
  112  7:36  Zergling x20  
  124  7:38  Baneling x15  
  124  7:39  Zergling x4  
  124  7:40  Zergling x2  
  124  7:42  Zergling x2  
  124  7:43  Zergling x2  
  129  7:52  Drone x5  
  129  7:55  Spore Crawler  
  129  7:56  Spire, Drone x2  
  134  8:00  Extractor x2, Hydralisk  
  134  8:08  Hydralisk  
  134  8:12  Hydralisk  
Tags
 
Add a new tag
Caveats
  • Supply blocks, unpowered buildings, or Contaminate may cause inaccurate times.
  • Supply counts are checked every 10 seconds.